 Dungeon Crawl Stone Soup version 0.31.0-11-ge490571c62 (webtiles) character file.

Game seed: 18037488946465626728

1432 Gadfly the Insei (level 8, 0/60 HPs)
             Began as a Demonspawn Monk on Feb 3, 2024.
             Was an Initiate of Ru.
             Slain by a white imp (3 damage)
             ... on level 6 of the Dungeon.
             The game lasted 00:06:25 (5175 turns).

Gadfly the Insei (Demonspawn Monk)                  Turns: 5175, Time: 00:06:27

Health: 0/60       AC:  5    Str: 14    XL:     8   Next: 45%
Magic:  8/8        EV: 14    Int: 10    God:    Ru [......]
Gold:   244        SH:  0    Dex: 16    Spells: 7/7 levels left

rFire   . .          .
                       - Unarmed
rCold   . . .        c - orb {light}
rNeg    . . .        n - +0 steam dragon scales
rPois   .            j - melded +0 helmet
rElec   .            (cloak currently unavailable)
rCorr   .            (gloves currently unavailable)
SInv    .            (boots currently unavailable)
Will    .....        (no amulet)
Stlth   +            (no ring)
HPRegen 2.30/turn    (no ring)
MPRegen 0.11/turn

%: no passive effects
@: beast-form, glowing
A: beast (slay +2), powered by death 2, sturdy frame 2
a: Begin Untransformation, Renounce Religion


You were on level 6 of the Dungeon.
You worshipped Ru.
Ru was noncommittal.
You were a hulking beast.
You visited 1 branch of the dungeon, and saw 6 of its levels.

You collected 244 gold pieces.

Inventory:

Hand Weapons
 b - a +0 hand axe of draining
 p - a +1 antimagic scimitar
 z - a +0 trident of protection
Armour
 c - an orb of light (worn)
 j - a +0 helmet (melded)
 n - +0 steam dragon scales (worn)
Talismans
 r - a beast talisman (active)
Wands
 l - a wand of mindburst (14) (quivered)
Scrolls
 h - 5 scrolls of identify
 i - a scroll of enchant armour
 m - a scroll of fog
 o - a scroll of fear
 q - a scroll of vulnerability
 s - a scroll of poison
Potions
 d - a potion of heal wounds
 e - a potion of enlightenment
 f - a potion of curing
 g - a potion of ambrosia
 k - a potion of mutation


   Skills:
 + Level 3.8 Fighting
 * Level 4.9 Dodging
 * Level 5.7 Unarmed Combat
 + Level 4.6 Evocations
 * Level 4.2 Shapeshifting


You had 7 spell levels left.
You didn't know any spells.
Your spell library contained the following spells:

 Spells                   Type           Power      Damage    Failure   Level
 Cigotuvi's Dreadful Rot  Necr/Alch/Air  0%         N/A       50%         2
 Dispel Undead            Necr           0%         3d6       98%         4
 Martyr's Knell           Necr/Summ      0%         N/A       98%         4
 Summon Forest            Summ/Tloc      0%         N/A       100%        5
 Summon Mana Viper        Hex/Summ       0%         N/A       100%        5
 Death Channel            Necr           0%         N/A       100%        6
 Summon Cactus Giant      Summ           0%         N/A       100%        6


Dungeon Overview and Level Annotations

Branches:
Dungeon (6/15)
 Temple: D:4-7

Altars:
Ru
Uskayaw
Vehumet
Yredelemnul


Innate Abilities, Weirdness & Mutations

You are a hulking beast.
Your limbs bulge with bestial killing power. (Slay +2)
You regenerate health from kills.
Your movements are less encumbered by armour. (ER -4)


Message History

You are too injured to fight recklessly!
You are too injured to fight recklessly!
You are too injured to fight recklessly!
You are too injured to fight recklessly!
You are too injured to fight recklessly!
You are too injured to fight recklessly!
You are too injured to fight recklessly!
You are too injured to fight recklessly!
You are too injured to fight recklessly!
You are too injured to fight recklessly!
You are too injured to fight recklessly!
Unknown command.
The scorpion barely misses you.
You hit the scorpion.
The scorpion is moderately wounded.
The scorpion misses you.
You punch the scorpion!
The scorpion is severely wounded.
The scorpion stings you but does no damage.
The orc warrior hits you from afar with a +0 halberd.
You hit the scorpion.
You kill the scorpion!
The orc warrior hits you but does no damage.
You hit the orc.
The orc is almost dead.
The orc warrior barely misses you. The orc misses you.
You barely miss the orc.
The orc is almost dead.
You punch the orc!
You kill the orc!
The orc warrior hits you from afar with a +0 halberd!
* * * LOW HITPOINT WARNING * * *
You hit the white imp.
The white imp is moderately wounded.
The orc warrior hits you from afar with a +0 halberd!
* * * LOW HITPOINT WARNING * * *
The white imp hits you.
* * * LOW HITPOINT WARNING * * *
The white imp freezes you.
You die...

#.#.# #.#.# #<#.#
##+######.###
..##.......#
#.##.....#.#
###.###.########.#
.................#
.#####h##########
#5# #o$......
...###### .....
.....## ......#
.......# #.......#


You could see an orc warrior and a white imp.

Vanquished Creatures
  Sigmund (D:5)
  A steam dragon (D:4)
  Edmund (D:5)
  An ice beast (D:5)
  A black bear (D:4)
  A kobold brigand (D:5)
  Blork the orc (D:5)
  A weeping skull (D:5)
  A gnoll sergeant (D:4)
  4 scorpions
  A hound (D:5)
  A jelly (D:5)
  An orc priest (D:6)
  2 iguanas
  5 gnolls
  5 adders
  5 dart slugs
  2 ribbon worms
  8 orcs
  10 ball pythons
  2 bats
  7 endoplasms
  4 giant cockroaches
  7 goblins
  4 hobgoblins
  9 jackals
  16 kobolds
  4 quokkas
  3 frilled lizards (D:1)
  2 rats
  A spectral orc (D:5)
112 creatures vanquished.

Notes
Turn   | Place    | Note
-------+----------+-------------------------------------------
     0 | D:1      | Gadfly the Demonspawn Monk began the quest for the Orb.
     0 | D:1      | Reached XP level 1. HP: 18/18 MP: 1/1
   152 | D:1      | Gained mutation: You regenerate a little health from kills.
                  | [demonic ancestry]
   152 | D:1      | Reached XP level 2. HP: 24/24 MP: 2/2
   387 | D:1      | Reached skill level 3 in Unarmed Combat
   387 | D:1      | Reached skill level 1 in Evocations
   497 | D:1      | Reached XP level 3. HP: 24/29 MP: 3/3
   683 | D:1      | Reached skill level 1 in Shapeshifting
  1129 | D:2      | Identified the +0 scale mail of the Abyss {-Cast -Tele Fly
                  | Str+9}
  1385 | D:2      | Gained mutation: You regenerate health from kills. [demonic
                  | ancestry]
  1385 | D:2      | Reached XP level 4. HP: 35/35 MP: 4/4
  1414 | D:2      | Found a faded altar of an unknown god.
  2121 | D:3      | Found a hide-covered altar of Uskayaw.
  2681 | D:4      | Noticed a scorpion
  2690 | D:4      | Killed a scorpion
  2691 | D:4      | Reached XP level 5. HP: 28/41 MP: 5/5
  2954 | D:4      | Found a radiant altar of Vehumet.
  3091 | D:4      | Reached skill level 4 in Unarmed Combat
  3091 | D:4      | Reached XP level 6. HP: 41/47 MP: 6/6
  3110 | D:5      | Entered Level 5 of the Dungeon
  3118 | D:5      | Noticed a steam dragon
  3309 | D:4      | Killed a steam dragon
  3310 | D:4      | Gained mutation: Your movements are slightly less
                  | encumbered by armour. (ER -2) [demonic ancestry]
  3310 | D:4      | Reached XP level 7. HP: 15/52 MP: 7/7
  4256 | D:5      | Reached skill level 5 in Unarmed Combat
  4427 | D:5      | Noticed Blork the orc
  4434 | D:5      | Killed Blork the orc
  4465 | D:5      | Noticed Edmund
  4467 | D:5      | Identified the +0 robe of Prudence {rElec Slay-3 SInv}
  4489 | D:5      | Killed Edmund
  4490 | D:5      | Gained mutation: Your movements are less encumbered by
                  | armour. (ER -4) [demonic ancestry]
  4490 | D:5      | Reached XP level 8. HP: 31/58 MP: 8/8
  4579 | D:5      | Noticed Sigmund
  4588 | D:5      | Killed Sigmund
  4701 | D:5      | Found a sacrificial altar of Ru.
  4724 | D:5      | Became a worshipper of Ru the Awakened
  4884 | D:5      | Found a basalt altar of Yredelemnul.
  5175 | D:6      | HP: 3/60 [white imp (3)]
  5175 | D:6      | Slain by a white imp

Illustrated notes

Levels and vault maps discovered:
D:1:      minmay_arrival_hallway, layout_basic
D:2:      layout_loops_corners, dreamdust_ecumenical_altar_statues
D:3:      layout_basic, nicolae_uskayaw_dance_hall
D:4:      layout_rooms, mainiacjoe_overflow_24_doors, grunt_ministairs_7
D:5:      layout_basic, yredelemnul_forgotten_temple_becter,
          hangedman_ru_absence, nicolae_concentric_dashed_squares_wild,
          sigmund_edmund_badplayer, uniq_blork_the_orc
D:6:      layout_basic, nicolae_tso_carved_into_rock,
          nicolae_overflow_crystal_walls, minmay_temple_entry_ruins,
          uniq_sigmund, uniq_prince_ribbit1, uniq_maggie, uniq_duvessa,
          uniq_eustachio

Skill      XL: |  1  2  3  4  5  6  7  8 |
---------------+-------------------------+-----
Unarmed Combat | 3 4 5 |  5.7
Evocations     | 1 2 3 4 |  4.6
Shapeshifting  | 1 2 3 4 |  4.2
Dodging        | 3 4 |  4.9
Fighting       | |  3.8

Action                     |  1- 3 |  4- 6 |  7- 9 || total
---------------------------+-------+-------+-------++-------
  Melee: Unarmed           |    90 |       |    19 ||   109
         Hand axe          |    45 |   115 |   140 ||   300
 Invoke: Reject Sacrifices |       |       |     1 ||     1
  Evoke: Wand              |       |       |     3 ||     3
    Use: Scroll            |     4 |     5 |     1 ||    10
         Potion            |     1 |       |       ||     1
 Armour: Robe              |    55 |   131 |       ||   186
         Steam dragon scal |       |       |   107 ||   107
  Dodge: Dodged            |   109 |   123 |   132 ||   364
   Form: Beast             |       |       |     1 ||     1
